 Dungeon Crawl Stone Soup version 0.29.1-15-g9cfb28693d (webtiles) character file.

Game seed: 9609686107497600994

67 HOAXBANE2 the Trooper (level 4, -1/37 HPs)
             Began as a Human Artificer on Mar 8, 2023.
             Was an Initiate of Qazlal.
             Slain by an orc
             ... wielding a +0 trident
              (4 damage)
             ... on level 3 of the Dungeon on Mar 9, 2023.
             The game lasted 00:09:58 (3028 turns).

HOAXBANE2 the Trooper (Human Artificer)             Turns: 3028, Time: 00:09:58

Health: -1/37      AC:  6    Str: 12    XL:     4   Next: 38%
Magic:  4/4        EV: 11    Int: 14    God:    Qazlal [......]
Gold:   130        SH:  0    Dex: 13    Spells: 3/3 levels left

rFire   . . .      SeeInvis .   l - +0 whip
rCold   . . .      Faith    .   (no shield)
rNeg    . . .      Spirit   .   b - +0 leather armour
rPois   .          Reflect  .   j - +0 helmet
rElec   .          Harm     .   (no cloak)
rCorr   .          Rampage  .   r - +1 pair of gloves
Will    .....                   (no boots)
Stlth   +.........              t - amulet of magic regeneration
HPRegen 0.12/turn               (no ring)
MPRegen 0.49/turn               (no ring)

@: no status effects
A: no striking features
a: Renounce Religion


You were on level 3 of the Dungeon.
You worshipped Qazlal.
Qazlal was noncommittal.
You visited 1 branch of the dungeon, and saw 3 of its levels.

You collected 130 gold pieces.

Inventory:

Hand Weapons
 l - a +0 whip (weapon)
Missiles
 s - 5 boomerangs (quivered)
Armour
 b - a +0 leather armour (worn)
 j - a +0 helmet (worn)
 r - a +1 pair of gloves (worn)
Jewellery
 t - an amulet of magic regeneration (around neck)
Wands
 c - a wand of flame (13)
 d - a wand of charming (14)
 e - a wand of iceblast (5)
Scrolls
 f - a scroll of fear {unknown}
 m - a scroll of noise {unknown}
 n - a scroll of vulnerability {unknown}
 p - a scroll of immolation {unknown}
Potions
 a - a potion of cancellation
 g - a potion of degeneration {unknown}
 h - a potion of heal wounds {unknown}
 i - 3 potions of lignification
 k - a potion of haste {unknown}
 o - a potion of curing {unknown}
 q - 2 potions of mutation {unknown}


   Skills:
 + Level 3.9 Fighting
 - Level 2.0 Armour
 - Level 1.0 Dodging
 - Level 1.0 Stealth
 - Level 3.0 Evocations


You had 3 spell levels left.
You didn't know any spells.
Your spell library was empty.

Dungeon Overview and Level Annotations

Branches:
Dungeon (3/15)

Altars:
Kikubaaqudgha
Qazlal


Message History

The orc is lightly wounded.
Throw: 5 boomerangs
Press: ? - help, Q - select action, (/) - cycle Shift-Dir - straight line, f/p - orc
Aim: an orc, wielding a +0 trident (lightly wounded, 57% to hit)
Okay, then.
An orc wizard comes into view. It is wielding a +0 dagger.
The orc hits you but does no damage.
You barely miss the orc. The orc hits you with a +0 hand axe.
The orc hits you but does no damage. The orc barely misses you.
The orc hits you but does no damage.
You barely miss the orc. The orc hits you with a +0 hand axe.
You hit the orc but do no damage. The orc hits you with a +0 hand axe.
The orc hits you from afar with a +0 trident.
The orc attacks as you move away! The orc hits you but does no damage.
You hit the orc.
The orc is lightly wounded.
The orc hits you with a +0 hand axe.
You hit the orc.
The orc is almost dead.
The orc hits you but does no damage.
The orc hits you from afar with a +0 trident.
The orc attacks as you move away! The orc hits you with a +0 hand axe.
The orc attacks as you move away! The orc hits you but does no damage.
The orc hits you from afar with a +0 trident.
Aiming: Charm
Press: ? - help, Shift-Dir - straight line, f/p - orc
Aim: an orc, wielding a +0 trident (lightly wounded, chance to affect: 73%)
The orc struggles to resist.
The orc closely misses you.
The orc hits you from afar with a +0 trident.
* * * LOW HITPOINT WARNING * * *
You barely miss the orc.
The orc is almost dead.
The orc hits you but does no damage.
The orc hits you from afar with a +0 trident!
* * * LOW HITPOINT WARNING * * *
You hit the orc.
You kill the orc!
Qazlal accepts your kill.
The orc hits you from afar with a +0 trident.
You die...

#.# #.# #.# #.#
#...# #.# #...#
#.# #...# #.#
+...+ #.# #...#
#@# ##...## ##)#
#.....# ##oJ#
#.#...######o.##
###...#...o....##
...J###.########
....# #'#
..........o
...........


You could see 2 orcs and an endoplasm.

Vanquished Creatures
  An adder (D:3)
  2 dart slugs
  An orc (D:3)
  5 bats
  3 endoplasms
  3 giant cockroaches (D:1)
  4 goblins
  8 hobgoblins
  3 jackals (D:2)
  A quokka (D:2)
  7 ball pythons
  2 frilled lizards
  5 kobolds (D:1)
  2 rats (D:1)
47 creatures vanquished.

Vanquished Creatures (others)
  A plant (D:2)
1 creature vanquished.

Grand Total: 48 creatures vanquished

Notes
Turn   | Place    | Note
-------+----------+-------------------------------------------
     0 | D:1      | HOAXBANE2 the Human Artificer began the quest for the Orb.
     0 | D:1      | Reached XP level 1. HP: 15/15 MP: 1/1
   215 | D:1      | Reached XP level 2. HP: 9/22 MP: 2/2
   802 | D:1      | Reached XP level 3. HP: 23/28 MP: 3/3
  1459 | D:1      | Found a faded altar of an unknown god.
  1471 | D:1      | Found a faded altar of an unknown god.
  1657 | D:2      | Found a stormy altar of Qazlal.
  1706 | D:2      | Became a worshipper of Qazlal Stormbringer
  2422 | D:2      | Reached XP level 4. HP: 30/35 MP: 4/4
  2848 | D:3      | Found an ancient bone altar of Kikubaaqudgha.
  3028 | D:3      | Slain by an orc

Illustrated notes

Levels and vault maps discovered:
D:1:      shiori_arrival_maze, layout_loops_ring,
          hellmonk_ecumenical_altar_the_god_not_taken, amcnicky_mini_pool_small
D:2:      layout_basic, basic_altar, kennysheep_small_spiral,
          serial_bayou_pond_c, kennysheep_another_room
D:3:      kennysheep_six_static_rooms, layout_basic,
          kennysheep_okawaru_gauntlet, mainiacjoe_overflow_24_doors,
          marbit_many_paths, uniq_crazy_yiuf_cottage

Skill      XL: |  1  2  3 |
---------------+----------+-----
Fighting       | 2 3 |  3.9
Armour         | |  2.0
Dodging        | |  1.0
Stealth        | |  1.0
Evocations     | |  3.0

Action                   |  1- 3 |  4- 6 || total
-------------------------+-------+-------++-------
Melee: Club              |    51 |       ||    51
       Dagger            |    10 |       ||    10
       Punch             |     2 |       ||     2
       Whip              |    96 |    58 ||   154
Throw: Boomerang         |     2 |     1 ||     3
Evoke: Wand              |     2 |     1 ||     3
  Use: Scroll            |     2 |       ||     2
 Stab: Sleeping          |     3 |     1 ||     4
Armor: Leather armour    |    51 |    26 ||    77
Dodge: Dodged            |    86 |    40 ||   126
